 Dungeon Crawl Stone Soup version 0.28.0-47-ge53b351184 (webtiles) character file.

Game seed: 2875418220861349808

78 101zpm the Caller (level 4, 0/24 HPs)
             Began as a Tengu Summoner on Apr 28, 2022.
             Succumbed to an adder's poison
             ... on level 3 of the Dungeon.
             The game lasted 00:09:28 (3578 turns).

101zpm the Caller (Tengu Summoner)                  Turns: 3578, Time: 00:09:28

Health: 0/24       AC:  2    Str:  9    XL:     4   Next: 36%
Magic:  7/9        EV: 13    Int: 17    God:
Gold:   50         SH:  0    Dex: 20    Spells: 5/8 levels left

rFire   . . .      SeeInvis .   f - +0 trident
rCold   . . .      Faith    .   (no shield)
rNeg    . . .      Spirit   .   a - +0 robe
rPois   .          Reflect  .   (helmet restricted)
rElec   .          Harm     .   (no cloak)
rCorr   .          Rampage  .   (no gloves)
Will    .....                   (boots unavailable)
Stlth   ++........              (no amulet)
HPRegen 0.08/turn               g - +6 ring of dexterity
MPRegen 0.11/turn               (no ring)

@: lethally poisoned (0 -> -4)
A: beak, talons 3
a: no special abilities


You were on level 3 of the Dungeon.
You visited 1 branch of the dungeon, and saw 3 of its levels.

You collected 50 gold pieces.

Inventory:

Hand Weapons
 f - a +0 trident (weapon)
Missiles
 m - 3 javelins
 n - 6 boomerangs
Armour
 a - a +0 robe (worn)
Jewellery
 g - a +6 ring of dexterity (left hand)
Scrolls
 b - 2 scrolls of teleportation {unknown}
 c - a scroll of identify {unknown}
 d - 2 scrolls of blinking {unknown}
 e - a scroll of fog {unknown}
 h - a scroll of noise {unknown}
 j - a scroll of amnesia {unknown}
 k - a scroll of silence {unknown}
Potions
 i - a potion of curing {unknown}
 l - a potion of brilliance {unknown}
 o - a potion of attraction {unknown}


   Skills:
 + Level 0.4 Fighting
 + Level 1.5 Polearms
 + Level 2.4 Dodging
 + Level 2.2 Stealth
 + Level 2.7 Spellcasting
 + Level 5.6 Summonings


You had 5 spell levels left.
You knew the following spells:

 Your Spells              Type           Power      Damage    Failure   Level
a - Summon Small Mammal   Summ           84%        N/A       1%          1
b - Blink                 Tloc           4%         N/A       26%         2

Your spell library contained the following spells:

 Spells                   Type           Power      Damage    Failure   Level
 Call Imp                 Summ           21%        N/A       2%          2
 Call Canine Familiar     Summ           21%        N/A       5%          3
 Summon Guardian Golem    Hex/Summ       11%        N/A       17%         3
 Foxfire                  Conj/Fire      8%         2x1d4     19%         1
 Conjure Flame            Conj/Fire      2%         6-21      47%         3
 Inner Flame              Hex/Fire       2%         N/A       47%         3
 Summon Lightning Spire   Summ/Air       11%        N/A       50%         4
 Flame Wave               Conj/Fire      2%         2d4       87%         4
 Manifold Assault         Tloc           2%         N/A       99%         5
 Storm Form               Tmut/Air       1%         N/A       100%        7


Dungeon Overview and Level Annotations

Branches:
Dungeon (3/15)

Altars:

Annotations:
D:1 Robin


Innate Abilities, Weirdness & Mutations

You have a beak for a mouth.
You have claws for feet.


Message History

The gnoll closely misses your quokka.
Your quokka closely misses the gnoll.
The adder bites your quokka. The adder closely misses your quokka.
Your quokka bites the adder but does no damage.
Something hits your quokka.
Your quokka dies!
Your quokka's corpse disappears in a puff of smoke!
There is a stone staircase leading up here.
You climb upwards.
There is a stone staircase leading down here.
You see here a +0 dagger.
You start resting.
Magic restored.
You start resting.
HP restored.
You climb downwards.
The adder bites you.
You are poisoned.
The adder poisons you! The adder bites you.
You are more poisoned.
The adder poisons you!
There is a stone staircase leading up here.
You feel very sick. The adder barely misses you.
You feel sick.
Your bat misses the adder. The adder bites you.
You are too injured to fight recklessly!
You miss the adder. You claw the adder, but do no damage.
* * * LOW HITPOINT WARNING * * *
You feel very sick.
Your bat completely misses the adder. x2; The adder bites you.
* * * LOW HITPOINT WARNING * * *
The adder barely misses you.
You barely miss the adder.
* * * LOW HITPOINT WARNING * * *
You feel sick.
Your bat hits the adder but does no damage.
Your bat misses the adder. Your bat hits the adder.
The adder bites you but does no damage. The adder barely misses you.
You hit the adder.
The adder is heavily wounded.
You die...

..#..........+
#.#.#.####...#
##.#.#.# ...#
#....#.# ######
#......##...
##.##........
#....b.......
#..##S.b.....
#..#@..##....
#..###.# ....
#..S...# ... .
#.######## .. ...
#.# .....
.....##ยง##.....#
......)Sg'g....#
####....##g....#
#....# ....#


You could see an adder (ally target) and 2 friendly bats.

Vanquished Creatures
  2 adders
  A worm (D:2)
  A bat (D:3)
  2 endoplasms
  3 giant cockroaches
  7 goblins
  5 hobgoblins (D:2)
  3 kobolds (D:2)
  A quokka (D:2)
  2 ball pythons
27 creatures vanquished.

Vanquished Creatures (collateral kills)
  A dart slug (D:1)
  2 ball pythons
  An endoplasm (D:1)
  A giant cockroach (D:1)
  6 goblins
  5 hobgoblins
  3 frilled lizards (D:1)
  2 kobolds (D:1)
  A rat (D:2)
22 creatures vanquished.

Grand Total: 49 creatures vanquished

Notes
Turn   | Place    | Note
-------+----------+-------------------------------------------
     0 | D:1      | 101zpm the Tengu Summoner began the quest for the Orb.
     0 | D:1      | Reached XP level 1. HP: 10/10 MP: 4/4
    80 | D:1      | Reached skill level 5 in Summonings
   410 | D:1      | Reached XP level 2. HP: 15/15 MP: 3/6
  1421 | D:1      | Learned a level 2 spell: Blink
  1486 | D:2      | Reached XP level 3. HP: 19/19 MP: 5/7
  1547 | D:2      | Reached skill level 1 in Polearms
  2056 | D:2      | Noticed Robin
  2416 | D:2      | Found a faded altar of an unknown god.
  2817 | D:2      | Reached XP level 4. HP: 15/24 MP: 6/8
  3577 | D:3      | HP: 1/24 [poisoned by an adder]
  3578 | D:3      | Succumbed to an adder's poison

Illustrated notes

Levels and vault maps discovered:
D:1:      tarquinn_simple_flora_water_a, layout_loops_corners,
          nrook_loot_triangle, chequers_serial_rivers_room_a,
          minmay_fountain_box, chequers_serial_rivers_small_b
D:2:      layout_loops_ring, hellmonk_ecumenical_altar_leap_of_faith,
          serial_glass, glass_columns_a, glass_columns_c, glass_columns_a,
          glass_columns_a, glass_columns_a, glass_columns_a, glass_columns_a,
          glass_columns_a, glass_columns_a, glass_columns_a, uniq_robin
D:3:      layout_basic, mainiacjoe_overflow_swirl

Skill      XL: |  1  2  3 |
---------------+----------+-----
Summonings     | 5 |  5.6
Polearms       | 1 |  1.5
Fighting       | |  0.4
Dodging        | |  2.4
Stealth        | |  2.2
Spellcasting   | |  2.7

Action                   |  1- 3 |  4- 6 || total
-------------------------+-------+-------++-------
Melee: Unarmed           |    12 |       ||    12
       Kick              |    14 |     3 ||    17
       Trident           |    46 |    17 ||    63
       Peck              |     5 |     2 ||     7
 Cast: Summon Small Mamm |    72 |     8 ||    80
       Blink             |     3 |       ||     3
 Stab: Sleeping          |     1 |     2 ||     3
       Distracted        |       |     1 ||     1
Armor: Robe              |     4 |     3 ||     7
Dodge: Dodged            |    50 |    13 ||    63
